 Dungeon Crawl Stone Soup version 0.31-a0-234-gad7ace16ef (webtiles) character file.

Game seed: 6729544437293110393

82 qw the Shooter (level 4, -3/26 HPs)
             Began as a Gargoyle Hexslinger on July 9, 2023.
             Slain by a gnoll sergeant
             ... wielding a +0 spear
              (6 damage)
             ... on level 3 of the Dungeon.
             The game lasted 00:00:33 (1319 turns).

qw the Shooter (Gargoyle Hexslinger)                Turns: 1319, Time: 00:00:34

Health: -3/26      AC:  8    Str: 12    XL:     4   Next: 43%
Magic:  5/5        EV: 10    Int: 13    God:
Gold:   115        SH:  0    Dex: 14    Spells: 4/5 levels left

rFire   . . .        a - +1 sling
rCold   . . .        (no shield)
rNeg    + . .        d - +0 ring mail
rPois   inf          (no helmet)
rElec   +            (no cloak)
rCorr   .            (no gloves)
SInv    .            (no boots)
Will    .....        (no amulet)
Stlth   +            (no ring)
HPRegen 0.24/turn    (no ring)
MPRegen 0.09/turn

%: no passive effects
@: no status effects
A: sickness immunity, AC +3, negative energy resistance 1, electricity
resistance, torment resistance 1, petrification resistance
a: no special abilities


You were on level 3 of the Dungeon.
You visited 1 branch of the dungeon, and saw 3 of its levels.

You collected 115 gold pieces.


Innate Abilities, Weirdness & Mutations

You are immune to sickness and miasma.
Your stone body is resilient. (AC +3)
You are immune to poison.
You resist negative energy. (rN+)
You are resistant to electric shocks. (rElec)
You are resistant to unholy torment.
You are immune to petrification.


   Skills:
 - Level 2.0 Fighting
 - Level 4.1 Ranged Weapons
 + Level 0.5 Armour
 - Level 1.5 Dodging
 - Level 1.0 Spellcasting
 - Level 2.6 Hexes


You had 4 spell levels left.
You knew the following spells:

 Your Spells              Type           Power      Damage    Failure   Level
a - Slow                  Hex            28%        N/A       22%         1

Your spell library contained the following spells:

 Spells                   Type           Power      Damage    Failure   Level
 Inner Flame              Hex/Fire       4%         N/A       73%         3
 Portal Projectile        Hex/Tloc       8%         N/A       73%         3
 Cause Fear               Hex            3%         N/A       91%         4

Inventory:

Hand Weapons
 a - a +1 sling (weapon)
Armour
 d - a +0 ring mail (worn)
Wands
 g - a wand of digging (7)
Potions
 b - a potion of ambrosia {unknown}
 c - a potion of heal wounds {unknown}
 e - a potion of cancellation {unknown}
 f - a potion of mutation {unknown}
 h - a potion of lignification {unknown}

Dungeon Overview and Level Annotations

Branches:
Dungeon (3/15)

Altars:
Xom


Message History

The gnoll sergeant is heavily wounded.
The gnoll hits you but does no damage.
The gnoll sergeant hits you from afar with a +0 spear.
1310 ||| Stepping ~*~*~tactically~*~*~ (outnumbered).
A gnoll comes into view. It is wielding a +0 spear.
1311 ||| Stepping ~*~*~tactically~*~*~ (outnumbered).
The gnoll misses you.
Enter note: You shoot a sling bullet.
The sling bullet hits the gnoll.
The gnoll is lightly wounded.
You shoot a sling bullet.
The sling bullet barely misses the gnoll sergeant.
The sling bullet closely misses the gnoll.
The sling bullet hits the gnoll.
The gnoll is lightly wounded.
A gnoll comes into view. It is wielding a +0 spear.
The gnoll sergeant hits you from afar with a +0 spear!
The gnoll moves out of view.
1314 ||| Stepping ~*~*~tactically~*~*~ (outnumbered).
Found a dagger.
Enter note:
1315 ||| Stepping ~*~*~tactically~*~*~ (outnumbered).
You shoot a sling bullet.
The sling bullet hits the gnoll sergeant but does no damage.
The gnoll sergeant is heavily wounded.
The gnoll sergeant hits you from afar with a +0 spear.
You shoot a sling bullet.
The sling bullet hits the gnoll sergeant!
The gnoll sergeant is severely wounded.
The gnoll sergeant hits you from afar with a +0 spear.
You shoot a sling bullet.
The sling bullet hits the gnoll sergeant but does no damage.
The gnoll sergeant is severely wounded.
The gnoll sergeant misses you.
The gnoll sergeant hits you from afar with a +0 spear!
You shoot a sling bullet.
The sling bullet hits the gnoll sergeant.
The gnoll sergeant is severely wounded.
The gnoll sergeant hits you from afar with a +0 spear.
You die...

....... g. ....
...... #.##....
#.#.#. #.......
#.#..?###........
#......##gg.....#
###.#...gg........#
.....).#g.#.......
#.....#.gg##.####
#....@###........
#...........##.###.
........#....#.##
...####.#.##....# #
#. #.#.####..# ..# #
. #...####..#....#
#..##.....)........#
........#####.#.....
##.###...## .......


You could see a gnoll sergeant and 2 gnolls.

Vanquished Creatures
  Jessica (D:3)
  A gnoll (D:1)
  A worm (D:2)
  2 dart slugs
  2 orcs (D:2)
  3 ball pythons
  An endoplasm (D:1)
  A giant cockroach (D:1)
  7 goblins
  3 hobgoblins
  3 quokkas
  3 bats
  A frilled lizard (D:1)
  3 kobolds
  6 rats
38 creatures vanquished.

Notes
Turn   | Place    | Note
-------+----------+-------------------------------------------
     0 | D:1      | qw the Gargoyle Hexslinger began the quest for the Orb.
     0 | D:1      | Reached XP level 1. HP: 12/12 MP: 2/2
     0 | D:1      | 0 ||| qw: Version: 0.3-a-51-g015441d
     0 | D:1      | 0 ||| qw: Game counter: 4114
     0 | D:1      | 0 ||| qw: Melee chars always use a shield: true
     0 | D:1      | 0 ||| qw: God list: Okawaru
     0 | D:1      | 0 ||| qw: Allow faded altars: false
     0 | D:1      | 0 ||| qw: Do Orc after clearing Dungeon:15 true
     0 | D:1      | 0 ||| qw: Do second Lair branch before Depths: true
     0 | D:1      | 0 ||| qw: Lair rune preference: random
     0 | D:1      | 0 ||| qw: Goals: Normal
     0 | D:1      | 0 ||| PLANNING D:1-11
    81 | D:1      | Reached XP level 2. HP: 16/16 MP: 3/3
    88 | D:1      | Reached skill level 3 in Ranged Weapons
   101 | D:1      | HP: 4/16 [kobold/+0 short sword (4)]
   259 | D:1      | Reached XP level 3. HP: 20/20 MP: 4/4
   475 | D:1      | 475 ||| UPGRADING to +0 ring mail.
   485 | D:1      | 485 ||| DROPPING +0 robe.
   486 | D:1      | 486 ||| DROPPING scroll of poison.
   567 | D:2      | Found a shimmering altar of Xom.
  1183 | D:2      | 1183 ||| DROPPING amulet of magic regeneration.
  1206 | D:3      | Noticed Jessica
  1208 | D:3      | Killed Jessica
  1209 | D:3      | Reached skill level 4 in Ranged Weapons
  1209 | D:3      | Reached XP level 4. HP: 26/26 MP: 5/5
  1217 | D:3      | 1217 ||| STAIRDANCE
  1303 | D:3      | Noticed a gnoll sergeant
  1307 | D:3      | 1307 ||| Stepping ~*~*~tactically~*~*~ (outnumbered).
  1310 | D:3      | 1310 ||| Stepping ~*~*~tactically~*~*~ (outnumbered).
  1311 | D:3      | 1311 ||| Stepping ~*~*~tactically~*~*~ (outnumbered).
  1314 | D:3      | 1314 ||| Stepping ~*~*~tactically~*~*~ (outnumbered).
  1315 | D:3      | 1315 ||| Stepping ~*~*~tactically~*~*~ (outnumbered).
  1318 | D:3      | HP: 3/26 [gnoll sergeant/+0 spear (9)]
  1319 | D:3      | Slain by a gnoll sergeant

Levels and vault maps discovered:
D:1:      scummos_arrival_simple_fountains, layout_rooms
D:2:      layout_loops_ring, basic_altar, serial_bayou, serial_bayou_pond_c,
          serial_bayou_pond_a, serial_bayou_pond_d, serial_bayou_shore_b,
          serial_bayou_crossing, serial_bayou_pond_a
D:3:      layout_rooms, nicolae_tso_besieged_by_evil, old_standard_altar,
          nrook_loot_triangle, uniq_ijyb, uniq_robin, uniq_jessica

Skill      XL: |  1  2  3 |
---------------+----------+-----
Ranged Weapons | 3 4 |  4.1
Fighting       | 2 |  2.0
Armour         | |  0.5
Dodging        | |  1.5
Spellcasting   | |  1.0
Hexes          | |  2.6

Action                     |  1- 3 |  4- 6 || total
---------------------------+-------+-------++-------
   Fire: Sling             |   103 |    30 ||   133
 Armour: Robe              |     8 |       ||     8
         Ring mail         |     4 |    23 ||    27
  Dodge: Dodged            |    27 |    22 ||    49

Table legend:
 A = Non-vault XP
 B = Vault XP
 C = Vault XP percentage of total XP
 D = Non-vault monster count
 E = Vault monster count
 F = Vault count percentage of total count
                 A         B        C        D         E       F
            +---------+---------+-------+---------+---------+-------
      Total |      81 |      37 |  31.4 |      37 |       1 |   2.6
            +---------+---------+-------+---------+---------+-------
        D:1 |      45 |       0 |   0.0 |      20 |       0 |   0.0
        D:2 |      32 |       0 |   0.0 |      15 |       0 |   0.0
        D:3 |       4 |      37 |  90.2 |       2 |       1 |  33.3
            +---------+---------+-------+---------+---------+-------
